 Dungeon Crawl Stone Soup version 0.27.0-1-g7a089689b8 (webtiles) character file.

Game seed: 11511717038293748870

79221 rjrrt the Executioner (level 15, -12/134 HPs)
             Began as a Minotaur Berserker on Aug 13, 2021.
             Was a High Priest of Trog.
             Mangled by an orc warrior (17 damage)
             ... on level 2 of the Orcish Mines.
             The game lasted 00:38:26 (25150 turns).

rjrrt the Executioner (Minotaur Berserker)         Turns: 25150, Time: 00:38:27

Health: -12/134    AC: 22    Str: 26    XL:     15   Next: 20%
Magic:  0/14       EV: 16    Int:  4    God:    Trog [*****.]
Gold:   2561       SH:  0    Dex: 12    Spells: 14/14 levels left

rFire    . . .     SeeInvis .   a - +9 executioner's axe (flame)
rCold    . . .     Faith    .   (shield currently unavailable)
rNeg     . . .     Spirit   +   f - +0 plate armour
rPois    .         Reflect  .   (helmet restricted)
rElec    .         Harm     .   D - +0 cloak
rCorr    .         Rampage  .   E - +0 pair of gloves
Will     ++...                  L - +2 pair of boots
Stlth    ..........             k - amulet of guardian spirit
HPRegen  0.32/turn              A - ring of willpower
MPRegen  0.14/turn              m - +4 ring of evasion

@: on berserk cooldown, slowed, very slow
A: horns 2, retaliatory headbutt
a: Renounce Religion, Berserk, Trog's Hand, Brothers in Arms


You were on level 2 of the Orcish Mines.
You worshipped Trog.
Trog was extremely pleased with you.
You visited 4 branches of the dungeon, and saw 21 of its levels.

You collected 2561 gold pieces.

Inventory:

Hand Weapons
 a - a +9 executioner's axe of flaming (weapon)
 b - a +1 spear of venom
Missiles
 l - 7 javelins
 q - a throwing net
 r - 31 poisoned darts
 s - 7 boomerangs (quivered)
 u - 7 curare-tipped darts
Armour
 f - a +0 plate armour (worn)
 x - the +0 ring mail of the Slightly Bent {rPois rC+ rN+}
   (You found it on level 6 of the Dungeon)

   rC:        It protects you from cold.
   rPois:     It protects you from poison.
   rN:        It protects you from negative energy.
 D - a +0 cloak (worn)
 E - a +0 pair of gloves (worn)
 L - a +2 pair of boots (worn)
 P - the +14 chain mail of the Merchant {+Blink rF- Int+4}
   (You found it on level 11 of the Dungeon)

   Int:       It affects your intelligence (+4).
   rF:        It makes you vulnerable to fire.
   +Blink:    It lets you blink.
Jewellery
 j - a +4 ring of evasion
 k - an amulet of guardian spirit (around neck)
 m - a +4 ring of evasion (right hand)
 A - a ring of willpower (left hand)
 I - an amulet of regeneration
 K - a ring of resist corrosion
Wands
 p - a wand of charming (10)
 t - a wand of acid (6)
 y - a wand of iceblast (13)
 z - a wand of polymorph (9)
 H - a wand of flame (63)
Scrolls
 h - 4 scrolls of teleportation
 i - 4 scrolls of identify
 n - 3 scrolls of fog
 v - 2 scrolls of silence
 w - a scroll of holy word
 B - a scroll of blinking
 G - a scroll of summoning
 Q - a scroll of magic mapping
Potions
 c - 10 potions of curing
 d - 2 potions of flight
 e - 4 potions of heal wounds
 g - 4 potions of might
 o - 3 potions of mutation
 C - a potion of attraction
 J - a potion of haste
 M - a potion of magic
 N - a potion of resistance
 O - a potion of lignification


   Skills:
 - Level 12.5 Fighting
 * Level 21.5 Axes
 - Level 5.0 Throwing
 - Level 12.1 Armour
 - Level 14.0 Dodging
 - Level 5.0 Evocations


You had 14 spell levels left.
You didn't know any spells.
Your spell library was empty.

Dungeon Overview and Level Annotations

Branches:
Dungeon (12/15)            Temple (1/1) D:4            Lair (6/6) D:9
  Swamp (0/4) Lair:3        Snake (0/4) Lair:3        Slime (0/5) Lair:5
    Orc (2/2) D:12            Elf (0/3) Orc:2

Altars:
Dithmenos
Fedhas
Gozag
Kikubaaqudgha
Makhleb
Okawaru
Ru
Uskayaw
Vehumet
Wu Jian
Xom
Zin
Jiyva

Shops:
D:9 :   D:11 ?


Innate Abilities, Weirdness & Mutations

You have a pair of horns on your head.
You reflexively headbutt those who attack you in melee.


Message History

Trog accepts your kill.
You slash the orc! You burn the orc.
You kill the orc!
Trog accepts your kill.
You hear a shout! x4
An orc priest comes into view. It is wielding a +0 dagger.
The orc shouts!
The orc priest shouts!
An orc priest comes into view. It is wielding a +0 club.
The orc hits you but does no damage.
Things that are here:
a +0 glaive; an orc corpse Unknown command.
Unknown command.
The orc priest shouts!
You chop the orc into pieces!!! You burn the orc.
You kill the orc!
Trog accepts your kill.
You hear a shout!
An orc comes into view. It is wielding a +0 hand axe.
An orc warrior comes into view. It is wielding a +0 short sword.
The orc warrior hits you from afar with a +0 halberd!
* * * LOW HITPOINT WARNING * * *
You are no longer berserk.
You are exhausted.
You feel yourself slow down.
Things that are here:
a +0 club; an orc corpse Unknown command.
Your ogre goes berserk!
The orc warrior hits you but does no damage.
The orc priest looks satisfied for a moment.
The orc warrior hits you with a +0 halberd!!
* * * LOW HITPOINT WARNING * * *
The orc sorcerer casts a spell at you. You resist with almost no effort.
The orc priest calls down the wrath of Beogh upon you.
You resist with almost no effort.
The orc priest no longer looks unusually strong.
The orc warrior hits you with a +0 halberd!!
You die...

##............#.........##...##
###........######.......###..##
#..........#.###........# #...###
..............##..)....####†...#.
.......#.....##.....)..#.........
.......#.......^))))..........#..
......##.#......))#)#..#.........
.....#######.><.Oo##...o.....$...
.....## #.....@).##$o........##
......# #.##..##)#....o........
......### ######...)....oo.......
......#.## ###.#ooo..........
.........## ###.....o.......
..........# ##.##.........
#.........# ## #.....##
##........# ..... ##<.....#.#
....


You could see an orc sorcerer, an orc warrior (strong, ally target), an orc
priest, an orc and a friendly ogre (summoned, berserk).

Vanquished Creatures
  Jorgrun (D:12)
  Azrael (D:12)
  Snorg (D:10)
  4 hydras
  An ice dragon (Lair:6)
  A boulder beetle (D:12)
  A catoblepas (Lair:1)
  An ogre mage (Orc:1)
  7 two-headed ogres
  7 death yaks
  An orc high priest (Orc:2)
  2 orc knights (Orc:2)
  4 lindwurms
  An orc sorcerer (Orc:2)
  A deep elf pyromancer (D:12)
  A cyclops (D:12)
  An oklob plant (Lair:3)
  An ugly thing (D:11)
  21 elephants
  5 black mambas
  6 torpor snails
  An unseen horror (D:12)
  2 gargoyles (D:12)
  13 cane toads
  3 kobold demonologists (D:12)
  8 rime drakes
  11 komodo dragons
  Prince Ribbit (Lair:1)
  3 trolls
  6 slime creatures (D:12)
  7 hornets
  9 blink frogs
  3 tyrant leeches (Lair:6)
  Grinder (D:3)
  A meliai zombie (D:11)
  6 dream sheep
  A shadow (D:10)
  A vampire (D:11)
  2 wraiths
  63 yaks
  Eustachio (D:4)
  10 wyverns
  8 basilisks
  2 vampire mosquitoes (D:11)
  4 fire elementals (D:12)
  4 steam dragons
  A naga (Lair:3)
  4 acid dragons
  2 wargs
  3 hell hounds (D:12)
  20 water moccasins
  13 orc warriors
  3 black bears (D:9)
  2 sky beasts
  2 ice beasts
  8 ogres
  6 centaurs
  25 wolves
  3 phantoms
  2 gnoll sergeants (D:11)
  A kobold brigand (D:9)
  5 scorpions
  14 bullfrogs
  A wyvern skeleton (D:6)
  A water moccasin skeleton (D:5)
  11 killer bees
  2 vampire bats (D:6)
  3 wights (D:7)
  3 electric eels (Lair:3)
  2 howler monkeys (D:11)
  A crimson imp (D:10)
  3 centaur zombies
  A bullfrog zombie (D:6)
  A hound (D:4)
  A jelly (D:7)
  9 orc priests
  3 centaur skeletons
  2 iguanas
  7 orc wizards
  2 killer bee zombies (D:7)
  2 hound skeletons
  17 gnolls
  4 adders
  3 ufetubi
  A worm (D:3)
  2 dart slugs
  32 orcs
  7 endoplasms
  2 giant cockroaches
  9 goblins
  8 hobgoblins
  9 jackals
  A quokka (D:3)
  8 ball pythons
  10 bats
  3 frilled lizards
  17 kobolds
  6 rats
548 creatures vanquished.

Vanquished Creatures (collateral kills)
  Rupert (Lair:2)
  Nessos (D:12)
  A fire dragon (Lair:6)
  A swamp dragon (Lair:6)
  A blink frog (Lair:1)
  A yak (Lair:2)
6 creatures vanquished.

Vanquished Creatures (others)
  53 fungi
  118 plants
171 creatures vanquished.

Grand Total: 725 creatures vanquished

Notes
Turn   | Place    | Note
-------+----------+-------------------------------------------
     0 | D:1      | rjrrt the Minotaur Berserker began the quest for the Orb.
     0 | D:1      | Reached XP level 1. HP: 19/19 MP: 0/0
    92 | D:1      | Reached skill level 4 in Axes
   180 | D:1      | Reached XP level 2. HP: 21/26 MP: 1/1
   385 | D:1      | Found a faded altar of an unknown god.
   877 | D:2      | Reached skill level 5 in Axes
  1047 | D:2      | Reached XP level 3. HP: 31/31 MP: 2/2
  1236 | D:2      | Reached ** piety under Trog
  1955 | D:3      | Noticed a scorpion
  1964 | D:3      | Killed a scorpion
  1965 | D:3      | Reached skill level 6 in Axes
  1965 | D:3      | Reached XP level 4. HP: 32/39 MP: 3/3
  2164 | D:3      | Found a shadowy altar of Dithmenos.
  2217 | D:3      | Noticed Grinder
  2224 | D:3      | Killed Grinder
  2225 | D:3      | Reached skill level 8 in Axes
  2225 | D:3      | Reached XP level 5. HP: 45/45 MP: 4/4
  2225 | D:3      | Reached XP level 6. HP: 51/51 MP: 5/5
  2758 | D:4      | Found a staircase to the Ecumenical Temple.
  2762 | D:4      | Noticed an ice beast
  2772 | D:4      | Killed an ice beast
  2824 | Temple   | Entered the Ecumenical Temple
  2981 | D:4      | Reached skill level 1 in Throwing
  3035 | D:4      | Noticed Eustachio
  3080 | D:4      | Killed Eustachio
  3081 | D:4      | Reached skill level 9 in Axes
  3081 | D:4      | Reached XP level 7. HP: 12/59 MP: 1/6
  3632 | D:4      | Reached *** piety under Trog
  3970 | D:5      | Entered Level 5 of the Dungeon
  4198 | D:5      | Reached XP level 8. HP: 67/67 MP: 7/7
  4608 | D:5      | Reached skill level 5 in Fighting
  4735 | D:6      | Reached skill level 10 in Axes
  4843 | D:6      | Reached **** piety under Trog
  4915 | D:6      | Identified the +0 ring mail of the Slightly Bent {rPois rC+
                  | rN+}
  5163 | D:6      | Reached skill level 5 in Armour
  5176 | D:6      | Found an iron altar of Okawaru.
  5238 | D:6      | Reached XP level 9. HP: 75/75 MP: 8/8
  5721 | D:7      | Reached skill level 5 in Dodging
  5722 | D:7      | Reached skill level 11 in Axes
  5871 | D:7      | Reached skill level 1 in Evocations
  6697 | D:7      | Identified a scroll of acquirement
  6697 | D:7      | Acquired a manual of Dodging
  7717 | D:8      | Reached XP level 10. HP: 36/86 MP: 4/9
  8040 | D:9      | Reached skill level 12 in Axes
  8185 | D:9      | Reached skill level 5 in Throwing
  8410 | D:9      | Noticed a two-headed ogre
  8413 | D:9      | Killed a two-headed ogre
  9048 | D:9      | Found a staircase to the Lair.
  9127 | D:9      | Found Tasiesuz's Book Shop.
  9157 | D:9      | Reached skill level 13 in Axes
  9621 | Lair:1   | Entered Level 1 of the Lair of Beasts
  9694 | Lair:1   | Noticed a cane toad
  9714 | Lair:1   | Killed a cane toad
  9730 | Lair:1   | Reached XP level 11. HP: 72/95 MP: 5/10
 10096 | Lair:1   | Noticed a six-headed hydra
 10123 | Lair:1   | Killed a six-headed hydra
 10210 | Lair:1   | Reached ***** piety under Trog
 10271 | Lair:1   | Noticed Prince Ribbit
 10299 | Lair:1   | Killed Prince Ribbit
 10674 | Lair:1   | Noticed Sonja
 10675 | Lair:1   | Noticed Sonja
 10675 | Lair:1   | Sonja changed into Sonja the basilisk
 10682 | Lair:1   | Killed Sonja the basilisk
 10845 | Lair:2   | Reached skill level 14 in Axes
 11072 | Lair:2   | Noticed a catoblepas
 11083 | Lair:1   | Reached skill level 10 in Dodging
 11214 | Lair:1   | Killed a catoblepas
 11458 | Lair:2   | Noticed a four-headed hydra
 11469 | Lair:2   | Killed a four-headed hydra
 12052 | Lair:2   | Reached skill level 10 in Fighting
 12052 | Lair:2   | Reached XP level 12. HP: 106/106 MP: 11/11
 12242 | Lair:3   | Noticed Rupert
 12469 | Lair:2   | Killed Rupert
 12470 | Lair:2   | Reached skill level 5 in Evocations
 12633 | Lair:3   | Reached skill level 15 in Axes
 13077 | Lair:3   | Reached skill level 10 in Armour
 13846 | Lair:3   | Found a staircase to the Swamp.
 14002 | Lair:3   | Found a staircase to the Snake Pit.
 14356 | Lair:3   | Reached skill level 16 in Axes
 15046 | Lair:4   | Reached XP level 13. HP: 116/116 MP: 8/12
 15303 | Lair:4   | Found a sacrificial altar of Ru.
 16423 | Lair:5   | Reached skill level 17 in Axes
 16862 | Lair:5   | Found a viscous altar of Jiyva.
 16862 | Lair:5   | Found a staircase to the Slime Pits.
 17476 | Lair:6   | Entered Level 6 of the Lair of Beasts
 17546 | Lair:6   | Received a gift from Trog
 17551 | Lair:6   | Reached XP level 14. HP: 127/127 MP: 8/13
 17712 | Lair:6   | Reached skill level 18 in Axes
 18010 | Lair:6   | Found a runed translucent door.
 18177 | Lair:6   | Paralysed by a hornet for 3 turns
 19430 | Lair:6   | Reached skill level 19 in Axes
 20278 | D:10     | Entered Level 10 of the Dungeon
 20332 | D:10     | Identified the -4 kite shield "Wibaatema" {Str+7}
 20456 | D:10     | Noticed Snorg
 20465 | D:10     | Killed Snorg
 20703 | D:10     | Found a burning altar of Makhleb.
 20720 | D:10     | Found a radiant altar of Vehumet.
 21065 | D:10     | Found a glowing silver altar of Zin.
 21171 | D:10     | Found an ornate altar of the Wu Jian Council.
 21807 | D:11     | Identified the +14 chain mail of the Merchant {+Blink rF-
                  | Int+4}
 22134 | D:11     | Reached skill level 20 in Axes
 22299 | D:11     | Found Qaodug's Magic Scroll Shop.
 22341 | D:12     | Noticed Nessos
 22345 | D:12     | Received a gift from Trog
 22350 | D:12     | Killed Nessos
 23271 | D:12     | Found a shimmering altar of Xom.
 23286 | D:12     | Noticed Azrael
 23294 | D:12     | Killed Azrael
 23576 | D:12     | Found a shimmering altar of Xom.
 23576 | D:12     | Found a shimmering altar of Xom.
 23577 | D:12     | Found a shimmering altar of Xom.
 23577 | D:12     | Found a shimmering altar of Xom.
 23580 | D:12     | Found a shimmering altar of Xom.
 23580 | D:12     | Found a shimmering altar of Xom.
 23581 | D:12     | Found a shimmering altar of Xom.
 23614 | D:12     | Noticed Jorgrun
 23621 | D:12     | Killed Jorgrun
 23817 | D:12     | Found a staircase to the Orcish Mines.
 24315 | Orc:1    | Entered Level 1 of the Orcish Mines
 24328 | Orc:1    | Reached XP level 15. HP: 117/134 MP: 14/14
 24521 | Orc:2    | Entered Level 2 of the Orcish Mines
 24521 | Orc:2    | Found a staircase to the Elven Halls.
 24572 | Orc:2    | Reached skill level 21 in Axes
 25111 | Orc:2    | Received a gift from Trog
 25149 | Orc:2    | HP: 5/134 [orc warrior (17)]
 25150 | Orc:2    | Mangled by an orc warrior

Illustrated notes

Levels and vault maps discovered:
D:1:      amcnicky_arrival_choice, layout_loops_ring, serial_glass,
          glass_columns_b, glass_columns_a, glass_columns_a, glass_columns_b,
          glass_columns_b, basic_ecumenical_altar, minmay_pentomino_t2
D:2:      layout_loops_corners
D:3:      layout_basic, grunt_dithmenos_smoke_and_mirrors, minmay_fountain_box,
          uniq_grinder
D:4:      minmay_inner_zag, layout_loops_ring, temple_fountains, minmay_between,
          uniq_eustachio
D:5:      layout_basic
D:6:      layout_cave_pools, mainiacjoe_overflow_tiny_flanked,
          grunt_decor_resistance, roderic_batcave
D:7:      layout_basic
D:8:      layout_cave_pools, chequers_garden
D:9:      layout_stronghold, minmay_lair_entry_grove, serial_shops,
          kennysheep_mini
D:10:     layout_layer_cave, grunt_temple_overflow_lords_of_destruction,
          mainiacjoe_overflow_alcove_2, nicolae_overflow_crystal_walls,
          uniq_snorg
D:11:     layout_rooms, serial_shops, nicolae_shop_competitors_out_of_business
D:12:     layout_long_grid, david_orc_1_choice, xom_shifter_show, uniq_nessos,
          uniq_jorgrun, uniq_azrael
Temple:   eino_temple_rhombus
Lair:1:   layout_misc_corridors, uniq_sonja, uniq_prince_ribbit2
Lair:2:   layout_misc_corridors, lemuel_fruit_tree, grunt_megastairs_3,
          lemuel_fruit_fields
Lair:3:   nzn_winding_woodlands_cross
          [nzn_winding_woodlands_5x15_river_crossing,
          nzn_winding_woodlands_5x15_eye, nzn_winding_woodlands_5x15_cabin,
          nzn_winding_woodlands_5x15_pathside_ponds,
          nzn_winding_woodlands_15x15_killbox], layout_loops_ring,
          swamp_mist_pool, guppyfry_snake_entry_garden, serial_bayou_shore_a,
          minmay_lair_oklob_chamber, uniq_rupert
Lair:4:   layout_regular_city, basic_altar, beast_lair_carwin_3,
          grunt_megastairs_5
Lair:5:   layout_misc_corridors, slime_altar_1
Lair:6:   guppyfry_lair_end_dragon, layout_regular_city, wormcave,
          serial_bayou_ford_a
Orc:1:    layout_caves
Orc:2:    st_orc_congregation, layout_diamond_mine

Skill      XL: |  1  2  3  4  5  6  7  8  9 10 11 12 13 14 15 |
---------------+----------------------------------------------+-----
Axes           | 4 5 6 8 9 10 11 13 14 16 17 20 21 | 21.5
Fighting       | 4 6 7 8 10 11 12 | 12.5
Throwing       | 1 2 3 4 5 |  5.0
Armour         | 3 4 5 6 8 9 10 12 | 12.1
Dodging        | 3 4 6 8 10 12 14 | 14.0
Evocations     | 2 3 4 5 |  5.0

Action                   |  1- 3 |  4- 6 |  7- 9 | 10-12 | 13-15 || total
-------------------------+-------+-------+-------+-------+-------++-------
Melee: Hand axe          |   108 |    28 |       |       |       ||   136
       Headbutt          |    11 |     7 |    44 |   105 |   130 ||   297
       War axe           |       |    23 |   238 |   290 |       ||   551
       Spear             |       |       |       |     9 |     8 ||    17
       Battleaxe         |       |       |       |   164 |   471 ||   635
       Executioner's axe |       |       |       |       |   123 ||   123
Throw: Javelin           |       |       |     1 |     5 |       ||     6
       Boomerang         |       |       |       |     2 |       ||     2
Invok: Berserk           |     1 |     3 |     6 |     9 |    14 ||    33
       Brothers in Arms  |       |       |       |     4 |     4 ||     8
       Trog's Hand       |       |       |       |     1 |     2 ||     3
Evoke: Wand              |       |       |       |     7 |       ||     7
  Use: Scroll            |       |       |    10 |    12 |    10 ||    32
Armor: Animal skin       |    12 |       |       |       |       ||    12
       Ring mail         |    29 |    25 |    22 |    54 |    83 ||   213
       Chain mail        |       |       |    86 |       |    23 ||   109
       Plate armour      |       |       |       |       |   113 ||   113
Dodge: Dodged            |    61 |    49 |   214 |   363 |   451 ||  1138
